 Dungeon Crawl Stone Soup version 0.26.1-11-gd32895ea62 (webtiles) character file.

Game seed: 18167118646064064704

2 infcreate the Grave Robber (level 1, -2/10 HPs)
             Began as a Vampire Necromancer on July 18, 2021.
             Slain by a leopard gecko (5 damage)
             ... on level 1 of the Dungeon.
             The game lasted 00:00:44 (202 turns).

infcreate the Grave Robber (Vampire Necromancer)     Turns: 202, Time: 00:00:44

Health: -2/10      AC:  2    Str:  7    XL:     1   Next: 25%
Magic:  3/3        EV: 12    Int: 17    God:
Gold:   12         SH:  0    Dex: 14    Spells: 3/4 levels left

rFire    . . .     SeeInvis +   (no weapon)
rCold    + + .     Faith    .   (no shield)
rNeg     + + +     Spirit   .   a - +0 robe
rPois    ∞         Reflect  .   (no helmet)
rElec    .         Harm     .   (no cloak)
rCorr    .         Rampage  .   (no gloves)
Will     .....                  (no boots)
Stlth    ++++......             (no amulet)
HPRegen  0.00/turn              (no ring)
MPRegen  0.08/turn              (no ring)

@: bloodless
A: fangs 3, see invisible, unbreathing
a: Revivify


You were on level 1 of the Dungeon.
You visited 1 branch of the dungeon, and saw 1 of its levels.

You collected 12 gold pieces.


Innate Abilities, Weirdness & Mutations

You do not regenerate when monsters are visible.
You are frail without blood (-20% HP).
You can heal yourself when you bite living creatures.
You are immune to poison.
You have razor-sharp teeth.
You have supernaturally acute eyesight. (SInv)
You can survive without breathing.


   Skills:
 + Level 0.0 Fighting
 + Level 0.0 Short Blades
 * Level 2.2 Dodging
 * Level 3.0 Stealth
 + Level 2.0 Spellcasting
 * Level 4.4 Necromancy


You had 3 spell levels left.
You knew the following spells:

 Your Spells              Type           Power        Failure   Level
p - Pain                  Necr           64%          3%          1

Your spell library contained the following spells:

 Spells                   Type           Power        Failure   Level
 Animate Skeleton         Necr           32%          3%          1
 Vampiric Draining        Necr           8%           10%         3
 Animate Dead             Necr           8%           30%         4
 Agony                    Necr           16%          65%         5

Inventory:

Armour
 a - a +0 robe (worn)
Scrolls
 b - a scroll of enchant weapon {unknown}
 c - a scroll of fog {unknown}
Potions
 d - a potion of heal wounds {unknown}

Dungeon Overview and Level Annotations

Branches:
Dungeon (1/15)

Altars:

#...........#
#####'##.####
############..#.#
..............#.#
#############...#
#...#
#############hhh#
.......r......#l####
#...<...##hh..#>@..#
..............####.#
#############.# #.#
P..♣P♣PPPPP♣#.# #.#
PP.P.P.PP...#.# #.#
P..PP.P.P...#.# #.#
...PP♣.P♣.♣♣#.# #.#
♣♣.♣..♣PP.P #.# #.#
.P..P.♣.P #.####.#


You could see a leopard gecko and 3 jackals.


Message History

You see here a leather armour.
Found 12 gold pieces.
You now have 12 gold pieces.
A bat comes into view.
Found 7 gold pieces.
A leopard gecko, a rat and 4 jackals come into view.
The jackal barks!
The leopard gecko hisses angrily.
The bat writhes in agony.
You kill the bat!
The jackal barks! x2
The jackal barely misses you. The jackal bites you.
The jackal closely misses you. The jackal completely misses you.
The jackal barely misses you. The jackal barely misses you.
The jackal barely misses you. The jackal bites you.
* * * LOW HITPOINT WARNING * * *
The jackal bites you.
* * * LOW HITPOINT WARNING * * *
The leopard gecko hisses menacingly.
The jackal barely misses you.
The jackal bites you but does no damage.
The jackal misses you. The jackal closely misses you. The jackal misses you.
The leopard gecko bites you.
Ouch! That really hurt!
You die...

Action                   || total
-------------------------++-------
 Cast: Pain              ||     3
 Abil: Exsanguinate      ||     1
Armor: Robe              ||     1
Dodge: Dodged            ||    10

Levels and vault maps discovered:
D:1:      minmay_arrival_arboretum_small, layout_basic, item_on_display_a

Notes
Turn   | Place    | Note
-------+----------+-------------------------------------------
     0 | D:1      | infcreate the Vampire Necromancer began the quest for the
                  | Orb.
     0 | D:1      | Reached XP level 1. HP: 13/13 MP: 3/3
   202 | D:1      | Slain by a leopard gecko

Vanquished Creatures
  A giant cockroach (D:1)
  A bat (D:1)
2 creatures vanquished.

Table legend: (Time is in decaauts)
 A = Elapsed time spent in this place.
 B = Non-inter-level travel time spent in this place.
 C = Inter-level travel time spent in this place.
 D = Time resting spent in this place.
 E = Time spent auto-exploring this place.
 F = Levels seen in this place.
 G = Mean time per level.
                   A        B        C        D        E       F      G
               +--------+--------+--------+--------+--------+-----+--------+
         Total |    202 |    173 |     29 |     23 |      0 |   1 |  202.0 |
       Dungeon |    202 |    173 |     29 |     23 |      0 |   1 |  202.0 |
               +--------+--------+--------+--------+--------+-----+--------+

Top non-repeatable levels by time:
     D:1: 202 daAuts

Table legend:
 A = Non-vault XP
 B = Vault XP
 C = Vault XP percentage of total XP
 D = Non-vault monster count
 E = Vault monster count
 F = Vault count percentage of total count
                 A         B        C        D         E       F
            +---------+---------+-------+---------+---------+-------
      Total |       3 |       0 |   0.0 |       2 |       0 |   0.0
            +---------+---------+-------+---------+---------+-------
        D:1 |       3 |       0 |   0.0 |       2 |       0 |   0.0
            +---------+---------+-------+---------+---------+-------
